 Dungeon Crawl Stone Soup version 0.20.1-1-g8b1a95d66d (webtiles) character file.

1858 Jynx the Transmogrifier (level 8, -1/67 HPs)
             Began as a Green Draconian Transmuter on Dec 30, 2017.
             Was a Priest of Okawaru.
             Slain by Joseph
             ... wielding a +2 quarterstaff of crushing
              (5 damage)
             ... on level 7 of the Dungeon.
             The game lasted 00:17:27 (7509 turns).

Jynx the Transmogrifier (DrTm)                      Turns: 7509, Time: 00:17:27

Health: -1/67      AC:  8    Str: 13    XL:     8   Next: 89%
Magic:  19/22      EV: 12    Int: 13    God:    Okawaru [***...]
Gold:   308        SH:  2    Dex: 14    Spells: 3/14 levels left

rFire    . . .     SeeInvis .     - Unarmed
rCold    . . .     Gourm    .   (no shield)
rNeg     . . .     Faith    .   (armour unavailable)
rPois    +         Spirit   .   (helmet restricted)
rElec    .         Reflect  +   (no cloak)
rCorr    .         Harm     .   x - +0 pair of gloves
MR       .....                  n - +0 pair of boots
Stlth    +.........             t - +2 amulet of reflection
Regen    0.3/turn               j - ring of magical power
MPRegen  0.2/turn               (no ring)

@: no status effects
A: breathe noxious fumes, unfitting armour, poison resistance, cold-blooded, AC
+6
a: Breathe Noxious Fumes, Heroism, Renounce Religion


You were on level 7 of the Dungeon.
You worshipped Okawaru.
Okawaru was most pleased with you.
You were not hungry.

You visited 2 branches of the dungeon, and saw 8 of its levels.

You collected 308 gold pieces.

Inventory:

Missiles
 a - 38 arrows
Armour
 n - a +0 pair of boots (worn)
 x - a +0 pair of gloves (worn)
Jewellery
 j - a ring of magical power (left hand)
 t - a +2 amulet of reflection (around neck)
 u - a +5 ring of protection {unknown}
Wands
 h - a wand of random effects (32/48)
 r - a wand of acid (8/15)
 v - a wand of polymorph (13/24)
Scrolls
 c - a scroll of recharging
 f - 5 scrolls of enchant armour
 k - a scroll of magic mapping
 o - 2 scrolls of amnesia
Potions
 d - 4 potions of mutation
 e - 3 potions of heal wounds
 i - 2 potions of brilliance {unknown}
 l - 7 potions of curing {unknown}
 m - a potion of berserk rage {unknown}
 q - 2 potions of degeneration {unknown}
 w - a potion of flight {unknown}
 z - a potion of lignification {unknown}
Books
 b - a book of Changes

   Spells                             Type                      Level
   a - Beastly Appendage              Transmutation                1
   b - Sticks to Snakes               Transmutation                2
   c - Spider Form                    Transmutation/Poison         3
   d - Ice Form                       Ice/Transmutation            4
   e - Blade Hands                    Transmutation                5
 s - a book of Cantrips

   Spells                             Type                      Level
   a - Confusing Touch                Hexes                        1
   b - Animate Skeleton               Necromancy                   1
   c - Summon Small Mammal            Summoning                    1
   d - Apportation                    Translocation                1
Comestibles
 g - a royal jelly
 p - 2 meat rations


   Skills:
 + Level 4.8 Fighting
 - Level 1.7 Dodging
 + Level 5.2 Unarmed Combat
 - Level 3.9 Spellcasting
 * Level 8.5 Transmutations
 - Level 4.0 Poison Magic


You had 3 spell levels left.
You knew the following spells:

 Your Spells              Type           Power        Failure   Level  Hunger
a - Beastly Appendage     Tmut           ###...       1%          1    None
b - Sticks to Snakes      Tmut           ###.....     1%          2    ##.....
c - Spider Form           Tmut/Pois      ###.......   4%          3    ###....
d - Blade Hands           Tmut           ###.......   17%         5    ######.


Dungeon Overview and Level Annotations

Branches:
Dungeon (7/15)             Temple (1/1) D:4

Altars:
Cheibriados
Dithmenos
Elyvilon
Fedhas
Gozag
Okawaru
Yredelemnul
The Shining One

Annotations:
D:2 1 runed door
D:7 Joseph


Innate Abilities, Weirdness & Mutations

You can breathe blasts of noxious fumes.
Your lurid green scales are hard. (AC +6)
You cannot fit into any form of body armour.
Your system is resistant to poisons. (rPois)
You are cold-blooded and may be slowed by cold attacks.


Message History

You are too injured to fight recklessly!
You slash Joseph!
Joseph is heavily wounded.
You closely miss Joseph. You tail-slap Joseph.
Joseph is heavily wounded.
Joseph completely misses you.
You slice Joseph!!
Your tail-slap misses Joseph.
Joseph is almost dead.
Joseph barely misses you.
You barely miss Joseph.
Joseph is almost dead.
Your hands revert to their normal proportions.
Your +0 pair of gloves unmelds from your body.
Joseph hits you with an uncursed quarterstaff of crushing!
* * * LOW HITPOINT WARNING * * *
x2 You hit Joseph but do no damage.
Joseph is almost dead.
Joseph hits you with an uncursed quarterstaff of crushing!
* * * LOW HITPOINT WARNING * * *
You die...

#...####.### #..#..###
##.## ##...####..#.....
#..###...............)
##.##.......##...#####
#.##............###
#.##.......##.....# #.#
#.....####.##.###
#/####(####(.(((((......##
#......(.@@.<######.##..##
######.#####.....##.##..##
#.# #####.##....... #.#
.........## #..
#.######... ### ####.##
#...... .....## ##.#..#


You could see Joseph.

Vanquished Creatures
  A hungry ghost (D:7)
  2 sky beasts
  A necrophage (D:5)
  3 ogres
  A bullfrog (D:6)
  A scorpion (D:6)
  3 killer bees
  A howler monkey (D:5)
  2 wights (D:6)
  A crimson imp (D:5)
  A centaur skeleton (D:6)
  4 orc priests
  Jessica (D:3)
  3 orc wizards
  7 adders
  2 oozes
  An adder zombie (D:5)
  An adder skeleton (D:4)
  A worm (D:2)
  3 dart slugs
  2 leopard geckos
  13 orcs
  10 giant cockroaches
  7 hobgoblins
  2 jackals
  A quokka (D:1)
  2 ball pythons (D:3)
  5 bats
  7 frilled lizards
  3 goblins
  A jackal skeleton (D:4)
  7 kobolds
  11 rats
111 creatures vanquished.

Vanquished Creatures (collateral kills)
  Prince Ribbit (D:5)
  Grinder (D:3)
  Menkaure (D:6)
  2 scorpions (D:6)
  A wight (D:6)
  2 crimson imps
  An orc wizard (D:5)
  Terence (D:3)
  A worm (D:3)
  3 orcs
  A kobold (D:3)
15 creatures vanquished.

Vanquished Creatures (others)
  A killer bee (D:7)
1 creature vanquished.

Grand Total: 127 creatures vanquished

Notes
Turn   | Place    | Note
-------+----------+-------------------------------------------
     0 | D:1      | Jynx the Draconian Transmuter began the quest for the Orb.
     0 | D:1      | Reached XP level 1. HP: 16/16 MP: 3/3
   353 | D:1      | Reached XP level 2. HP: 23/23 MP: 3/5
   648 | D:2      | Found a white marble altar of Elyvilon.
   690 | D:2      | Reached XP level 3. HP: 16/28 MP: 4/6
   971 | D:2      | Reached skill level 3 in Transmutations
  1198 | D:2      | Learned a level 2 spell: Sticks to Snakes
  1202 | D:2      | Learned a level 3 spell: Spider Form
  1297 | D:2      | Reached XP level 4. HP: 12/36 MP: 2/7
  1551 | D:2      | Found a glowing golden altar of the Shining One.
  1665 | D:2      | Reached skill level 1 in Poison Magic
  1674 | D:2      | Found a runed door.
  1856 | D:3      | Noticed Grinder
  1871 | D:3      | Paralysed by Grinder for 2 turns
  1881 | D:3      | Paralysed by Grinder for 4 turns
  1886 | D:3      | Killed Grinder
  1886 | D:3      | Reached skill level 4 in Transmutations
  1886 | D:3      | Reached XP level 5. HP: 9/41 MP: 1/9
  2294 | D:3      | Noticed Jessica
  2318 | D:3      | Killed Jessica
  2654 | D:3      | Noticed Terence
  2662 | D:3      | Killed Terence
  2993 | D:3      | Reached XP level 6. HP: 38/48 MP: 6/10
  3227 | D:4      | Found a staircase to the Ecumenical Temple.
  3254 | Temple   | Entered the Ecumenical Temple
  3301 | Temple   | Became a worshipper of Warmaster Okawaru
  3497 | D:4      | You fall through a shaft for 2 floors!
  3501 | D:5      | Entered Level 5 of the Dungeon
  3560 | D:5      | Reached skill level 5 in Transmutations
  4032 | D:5      | Noticed Prince Ribbit
  4055 | D:5      | Killed Prince Ribbit
  4055 | D:5      | Reached * piety under Okawaru
  4055 | D:5      | Your scales start taking on a lurid green colour.
  4055 | D:5      | Reached XP level 7. HP: 10/55 MP: 12/12
  4055 | D:5      | Gained mutation: Your system is resistant to poisons. (rPois) [Green Draconian growth]
  4430 | D:5      | Learned a level 5 spell: Blade Hands
  4444 | D:5      | Reached skill level 6 in Transmutations
  5162 | D:5      | Reached ** piety under Okawaru
  5162 | D:5      | Reached XP level 8. HP: 62/62 MP: 13/13
  5459 | D:6      | Reached skill level 7 in Transmutations
  6410 | D:6      | Noticed Menkaure
  6422 | D:6      | Killed Menkaure
  6977 | D:7      | Noticed Joseph
  6991 | D:7      | HP: 2/65 [killer bee (4)]
  7004 | D:6      | Reached skill level 8 in Transmutations
  7296 | D:7      | Reached skill level 5 in Unarmed Combat
  7496 | D:7      | Reached *** piety under Okawaru
  7509 | D:7      | Slain by Joseph

Skill      XL: |  1  2  3  4  5  6  7  8 |
---------------+-------------------------+-----
Transmutations | 3 4 5 6 8 |  8.5
Fighting       | 2 3 4 |  4.8
Poison Magic   | 1 2 3 4 |  4.0
Spellcasting   | 3 |  3.9
Unarmed Combat | 4 5 |  5.2
Dodging        | |  1.7

Action                   |  1- 3 |  4- 6 |  7- 9 || total
-------------------------+-------+-------+-------++-------
Melee: Unarmed           |   125 |   190 |   192 ||   507
       Kick              |     7 |     5 |       ||    12
       Tailslap          |    13 |    12 |    31 ||    56
       Headbutt          |     9 |    22 |    17 ||    48
       Punch             |       |     2 |     2 ||     4
 Cast: Beastly Appendage |    23 |    36 |    17 ||    76
       Sticks to Snakes  |     2 |    21 |    39 ||    62
       Blade Hands       |       |       |     4 ||     4
       Spider Form       |       |       |     1 ||     1
  Use: Scroll            |     2 |     8 |     2 ||    12
       Potion            |       |       |     1 ||     1
 Stab: Sleeping          |       |     1 |       ||     1
       Distracted        |       |       |     2 ||     2
  Eat: Chunk             |     2 |     5 |     5 ||    12
       Bread ration      |       |     1 |     3 ||     4
       Meat ration       |       |       |     1 ||     1
Armor: Skin              |    42 |    66 |    44 ||   152
Dodge: Dodged            |    79 |   117 |   115 ||   311
Block: Other             |       |     3 |     9 ||    12
